 Dungeon Crawl Stone Soup version 0.28-a0-1404-g4df0f3684d (webtiles) character file.

Game seed: 3871497745396379492

3969 fragbeetle the Insei (level 10, -9/121 HPs)
             Began as a Purple Draconian Transmuter on Jan 5, 2022.
             Was a Believer of Okawaru.
             Mangled by an orc knight (17 damage)
             ... in a bailey.
             The game lasted 00:30:49 (7430 turns).

fragbeetle the Insei (Purple Draconian Transmuter)  Turns: 7430, Time: 00:30:50

Health: -9/121     AC: 25    Str: 26    XL:     10   Next: 2%
Magic:  17/17      EV:  2    Int: 15    God:    Okawaru [**....]
Gold:   557        SH:  0    Dex: 15    Spells: 5/19 levels left

rFire   . . .      SeeInvis +   l - +4 short sword "Vepnell" {vorpal, *Corrode rPois Will+ Str+8}
rCold   . . .      Faith    .   (no shield)
rNeg    . . .      Spirit   .   (armour unavailable)
rPois   +          Reflect  .   (helmet currently unavailable)
rElec   .          Harm     .   (cloak currently unavailable)
rCorr   .          Rampage  .   (gloves currently unavailable)
Will    ++...      NoTele   +   (boots currently unavailable)
Stlth   +.........              v - amulet of regeneration
HPRegen 1.10/turn               D - +6 ring of strength
MPRegen 0.15/turn               B - ring of see invisible

@: tree-form, invisible
A: stationary, stasis, torment immunity, boosted hp, (breathe power), AC +7,
unfitting armour, (cold-blooded)
a: Renounce Religion, Heroism


You were in a bailey.
You worshipped Okawaru.
Okawaru was pleased with you.
You were a tree.
You visited 2 branches of the dungeon, and saw 9 of its levels.
You also visited: Bailey.

You collected 557 gold pieces.

Inventory:

Hand Weapons
 l - the +4 short sword "Vepnell" (weapon) {vorpal, *Corrode rPois Will+ Str+8}
   (You found it on level 2 of the Dungeon)

   It inflicts extra damage upon your enemies.
   Str:       It affects your strength (+8).
   rPois:     It protects you from poison.
   *Corrode:  It may corrode you when you take damage.
   Will:      It increases your willpower.
 p - a +0 hunting sling
 L - the +6 arbalest of the Pits of Slime {elec, rElec}
   (You found it on level 8 of the Dungeon)

   Any ammunition fired from it occasionally discharges a powerful burst of
   electricity upon striking a foe.
   rElec:     It insulates you from electricity.
Missiles
 a - 223 stones
 o - 15 sling bullets
 t - 54 poisoned darts
 x - a throwing net
 N - 14 boomerangs (quivered)
Armour
 r - a +2 pair of gloves (melded)
 E - a +0 pair of boots (melded)
Magical Staves
 e - a staff of conjuration
Jewellery
 f - a ring of protection from cold
 v - an amulet of regeneration (around neck)
 B - a ring of see invisible (right branch)
 D - a +6 ring of strength (left branch)
Wands
 n - a wand of iceblast (15)
 u - a wand of acid (10)
 F - a wand of digging (4)
 G - a wand of polymorph (14)
 H - a wand of mindburst (9)
 O - a wand of flame (9)
Scrolls
 b - a scroll of blinking
 d - a scroll of fog
 g - 2 scrolls of enchant weapon
 h - 3 scrolls of immolation
 k - a scroll of magic mapping {unknown}
 q - 3 scrolls of teleportation
 y - 2 scrolls of vulnerability {unknown}
 A - a scroll of noise {unknown}
 I - a scroll of brand weapon {unknown}
 J - a scroll of fear {unknown}
 K - a scroll of amnesia {unknown}
Potions
 j - a potion of magic {unknown}
 m - a potion of haste {unknown}
 s - a potion of flight {unknown}
 w - a potion of cancellation {unknown}
 z - a potion of degeneration {unknown}
 C - 2 potions of might {unknown}
 M - 2 potions of brilliance {unknown}


   Skills:
 + Level 5.3 Fighting
 + Level 3.9 Short Blades
 + Level 4.8 Dodging
 * Level 7.5 Unarmed Combat
 + Level 5.0 Spellcasting
 + Level 5.7 Transmutations
 * Level 5.1 Ice Magic
 + Level 4.4 Poison Magic


You had 5 spell levels left.
You knew the following spells:

 Your Spells              Type           Power      Damage    Failure   Level
a - Beastly Appendage     Tmut           42%        N/A       1%          1
b - Spider Form           Tmut/Pois      19%        N/A       6%          3
c - Ice Form              Ice/Tmut       20%        N/A       17%         4
d - Ensorcelled Hibernat  Hex/Ice        22%        N/A       9%          2
e - Wereblood             Tmut           21%        N/A       2%          2
f - Blink                 Tloc           6%         N/A       24%         2

Your spell library contained the following spells:

 Spells                   Type           Power      Damage    Failure   Level
 Foxfire                  Conj/Fire      12%        2x1d4     16%         1
 Shock                    Conj/Air       12%        1d3       16%         1
 Slow                     Hex            12%        N/A       16%         1
 Scorch                   Fire           6%         2d5       24%         2
 Lesser Beckoning         Tloc           3%         N/A       43%         3
 Stone Arrow              Conj/Erth      6%         3d7       43%         3
 Flame Wave               Conj/Fire      3%         2d4       85%         4
 Manifold Assault         Tloc           3%         N/A       99%         5
 Lehudib's Crystal Spear  Conj/Erth      1%         10d2      100%        8
 Animate Armour           Summ/Erth      Unusable   N/A       N/A         4
 Summon Mana Viper        Hex/Summ       Unusable   N/A       N/A         5
 Summon Cactus Giant      Summ           Unusable   N/A       N/A         6
 Haunt                    Necr/Summ      Unusable   N/A       N/A         7
 Summon Horrible Things   Summ           Unusable   N/A       N/A         8

Dungeon Overview and Level Annotations

Branches:
Dungeon (8/15)             Temple (1/1) D:7          Bailey (1/1)
   Lair: D:8-11

Altars:
Ashenzari
Cheibriados
Elyvilon
Kikubaaqudgha
Makhleb
Nemelex Xobeh
Okawaru
Qazlal
Sif Muna
Trog
Uskayaw
Vehumet
Wu Jian
Yredelemnul
Zin

Annotations:
D:2 1 runed translucent door, Crazy Yiuf
D:3 3 runed translucent doors, eustatius's ghost, weakling TrWn
D:8 exclusion: 2 oklob saplings


Innate Abilities, Weirdness & Mutations

You are a tree.
Your roots penetrate the ground, keeping you stationary.
You cannot be teleported.
You are immune to unholy pain and torment.
Your maximum health is greatly increased.
Your equipment is partially melded.
((You can breathe bolts of dispelling energy.))
((Your rich purple scales are hard. (AC +7)))
You cannot fit into any form of body armour.
((You are cold-blooded and may be slowed by cold attacks.))


Message History

You closely miss the orc knight.
The orc knight is moderately wounded.
The orc knight barely misses you.
You closely miss the orc knight.
The orc knight is lightly wounded.
You hit the orc knight.
The orc knight is moderately wounded.
The orc knight hits you with a +0 war axe!
* * * LOW HITPOINT WARNING * * *
You hit the orc knight but do no damage.
The orc knight is moderately wounded.
The orc knight hits you but does no damage.
You hit the orc knight.
The orc knight is moderately wounded.
The orc knight hits you with a +0 war axe!
* * * LOW HITPOINT WARNING * * *
You hit the orc knight.
The orc knight is heavily wounded.
The orc knight hits you but does no damage.
You hit the orc knight.
The orc knight is heavily wounded.
The orc knight hits you with a +0 war axe!
* * * LOW HITPOINT WARNING * * *
It was a potion of invisibility.
You fade into invisibility!
The orc knight hits you but does no damage.
You closely miss the orc knight.
The orc knight is heavily wounded.
The orc knight hits you but does no damage.
You hit the orc knight but do no damage.
The orc knight is heavily wounded.
The orc knight hits you but does no damage.
You strike the helpless orc knight from behind!
You hit the orc knight but do no damage.
The orc knight is heavily wounded.
The orc knight hits you but does no damage.
You hit the orc knight but do no damage.
The orc knight is heavily wounded.
The orc knight hits you with a +0 war axe!
You die...

#.###≈≈.......≈≈###.#
#....≈≈.......≈≈....#
#.###≈≈.......≈≈###.#
#....≈≈..)....≈≈....#
#.###≈≈.......≈≈###.#
#....≈≈.......≈≈....#
#####≈≈.......≈≈#####
##≈..)o)..≈##
####.♣.#### #.†.#
#.).# #...# ##''÷##
##..∩..## #.......#
#...∩...# ##.....##


You could see an orc knight.

Vanquished Creatures
  An orc knight (Bailey)
  Joseph (D:8)
  Prince Ribbit (D:6)
  A meliai zombie (D:7)
  A steam dragon (D:7)
  Edmund (D:5)
  A water moccasin (D:8)
  An ice beast (D:6)
  2 sky beasts
  A necrophage (D:6)
  2 ogres
  A phantom (D:7)
  6 kobold brigands
  Blork the orc (D:5)
  3 bullfrogs
  A scorpion (D:4)
  A water moccasin skeleton (D:4)
  A water moccasin zombie (D:5)
  5 wights (D:6)
  A howler monkey (D:6)
  A bullfrog zombie (D:6)
  3 hounds
  3 jellies
  An orc priest (D:6)
  2 iguanas
  2 bullfrog skeletons
  Jessica (D:2)
  Ijyb (D:3)
  3 orc wizards
  A howler monkey skeleton (D:6)
  11 adders
  8 gnolls
  A shadow imp (D:7)
  2 white imps
  A worm (D:2)
  A dart slug (D:2)
  17 orcs
  13 ball pythons
  5 bats
  11 endoplasms
  3 giant cockroaches
  14 goblins
  3 hobgoblins
  7 jackals
  5 quokkas
  3 frilled lizards
  20 kobolds
  6 rats
182 creatures vanquished.

Vanquished Creatures (others)
  A kobold brigand (Bailey)
  6 plants (D:8)
7 creatures vanquished.

Grand Total: 189 creatures vanquished

Notes
Turn   | Place    | Note
-------+----------+-------------------------------------------
     0 | D:1      | fragbeetle the Draconian Transmuter began the quest for the
                  | Orb.
     0 | D:1      | Reached XP level 1. HP: 16/16 MP: 3/3
   417 | D:1      | Reached XP level 2. HP: 23/23 MP: 3/5
   775 | D:1      | Got Mnoleg's Volume of Dark Companions
  1474 | D:1      | Reached XP level 3. HP: 28/28 MP: 4/6
  1659 | D:2      | Learned a level 3 spell: Spider Form
  1692 | D:2      | Found a faded altar of an unknown god.
  1971 | D:2      | Noticed Jessica
  1984 | D:2      | Killed Jessica
  1985 | D:2      | Reached XP level 4. HP: 32/36 MP: 5/7
  2188 | D:2      | Identified the +4 short sword "Vepnell" {vorpal, *Corrode
                  | rPois Will+ Str+8}
  2258 | D:2      | Found a runed translucent door.
  2259 | D:2      | Noticed Crazy Yiuf
  2617 | D:3      | Noticed a bullfrog
  2623 | D:3      | Killed a bullfrog
  2624 | D:3      | Reached skill level 4 in Unarmed Combat
  2624 | D:3      | Reached skill level 1 in Poison Magic
  2624 | D:3      | Reached XP level 5. HP: 39/42 MP: 6/8
  2648 | D:3      | Noticed an ogre
  2656 | D:3      | Killed an ogre
  2681 | D:3      | Noticed Ijyb
  2707 | D:3      | Killed Ijyb
  2708 | D:3      | Reached XP level 6. HP: 39/50 MP: 7/9
  3014 | D:3      | Found a broken altar of Ashenzari.
  3049 | D:3      | Found a runed translucent gate.
  3050 | D:3      | Found a runed translucent gate.
  3050 | D:3      | Found a runed translucent gate.
  3052 | D:3      | Noticed eustatius's ghost (weakling TrWn)
  3158 | D:3      | Found a white marble altar of Elyvilon.
  3598 | D:4      | Found a snail-covered altar of Cheibriados.
  3688 | D:4      | Learned a level 4 spell: Ice Form
  4134 | D:4      | Reached skill level 1 in Short Blades
  4140 | D:4      | Your scales start taking on a rich purple colour.
  4140 | D:4      | Reached XP level 7. HP: 48/57 MP: 10/10
  4153 | D:4      | You fall into a shaft and drop 2 floors!
  4191 | D:5      | Entered Level 5 of the Dungeon
  4260 | D:5      | Reached skill level 5 in Unarmed Combat
  4367 | D:4      | Reached skill level 1 in Ice Magic
  4662 | D:5      | Noticed Blork the orc
  4685 | D:5      | Killed Blork the orc
  4691 | D:5      | Learned a level 2 spell: Ensorcelled Hibernation
  4694 | D:5      | Learned a level 2 spell: Wereblood
  4899 | D:5      | Reached XP level 8. HP: 64/64 MP: 10/12
  5103 | D:5      | Found a radiant altar of Vehumet.
  5106 | D:5      | Found a shimmering blue altar of Sif Muna.
  5114 | D:5      | Got Sif Muna's Almanac of Hexes
  5116 | D:5      | Got Sif Muna's Papyrus of Combat Magic
  5119 | D:5      | Got Sif Muna's Catalogue of Conjuration
  5138 | D:5      | Noticed Edmund
  5167 | D:5      | Killed Edmund
  5367 | D:6      | Reached skill level 6 in Unarmed Combat
  5550 | D:6      | Reached skill level 5 in Transmutations
  5686 | D:6      | Noticed Prince Ribbit
  5837 | D:6      | Killed Prince Ribbit
  5838 | D:6      | Reached XP level 9. HP: 46/72 MP: 9/15
  6058 | D:7      | Found a burning altar of Makhleb.
  6059 | D:7      | Found a glowing silver altar of Zin.
  6065 | D:7      | Found a stormy altar of Qazlal.
  6141 | D:7      | Found a bloodstained altar of Trog.
  6142 | D:7      | Found a basalt altar of Yredelemnul.
  6147 | D:7      | Found an ancient bone altar of Kikubaaqudgha.
  6150 | D:7      | Found an ornate altar of the Wu Jian Council.
  6243 | D:7      | Found a staircase to the Ecumenical Temple.
  6252 | Temple   | Entered the Ecumenical Temple
  6309 | Temple   | Became a worshipper of Warmaster Okawaru
  6780 | D:8      | Noticed Joseph
  6813 | D:8      | HP: 2/72 [Joseph/sling bullet (13)]
  6827 | D:8      | Killed Joseph
  6828 | D:8      | Reached skill level 7 in Unarmed Combat
  7016 | D:8      | Identified the +6 arbalest of the Pits of Slime {elec,
                  | rElec}
  7139 | D:8      | Reached skill level 5 in Fighting
  7144 | D:8      | Found a flagged portal.
  7170 | Bailey   | Entered a bailey
  7209 | Bailey   | Learned a level 2 spell: Blink
  7228 | Bailey   | Reached * piety under Okawaru
  7331 | Bailey   | Noticed an orc knight
  7343 | Bailey   | Killed an orc knight
  7343 | Bailey   | Reached ** piety under Okawaru
  7344 | Bailey   | Reached skill level 5 in Ice Magic
  7380 | Bailey   | Noticed an orc knight
  7399 | Bailey   | Reached skill level 5 in Spellcasting
  7399 | Bailey   | Reached XP level 10. HP: 36/81 MP: 15/17
  7425 | Bailey   | HP: 3/121 [orc knight (10)]
  7430 | Bailey   | Mangled by an orc knight

Illustrated notes

Levels and vault maps discovered:
D:1:      dpeg_arrival_shrine, layout_basic, minmay_misc_feat_secret_circle,
          kennysheep_pointless_box, st_stairs_7
D:2:      minmay_door_path, layout_rooms,
          shapermc_ecumenical_altar_mp_ritualfount, minmay_tromino_i4,
          uniq_jessica, uniq_crazy_yiuf_cottage
D:3:      layout_basic, nicolae_ashenzari_panopticon, lemuel_crystal_altar,
          ebering_ghost_rock_garden, uniq_ijyb
D:4:      layout_gridville, mainiacjoe_overflow_catwalk
D:5:      layout_basic, nicolae_sif_muna_little_library,
          nicolae_overflow_crystal_walls, chequers_mini_garden,
          uniq_blork_the_orc, uniq_edmund
D:6:      layout_basic, uniq_prince_ribbit1
D:7:      layout_loops_ring, nicolae_overflow_hallway_of_the_gods,
          minmay_temple_entry_poolview
D:8:      layout_basic, enter_bailey_4, introduction_to_nature_1, uniq_joseph
Temple:   nicolae_temple_figure_zero
Bailey:   bailey_axe_3, bailey

Skill      XL: |  1  2  3  4  5  6  7  8  9 |
---------------+----------------------------+-----
Dodging        | 2 3 4 |  4.8
Fighting       | 2 3 4 5 |  5.3
Transmutations | 3 4 5 |  5.7
Unarmed Combat | 4 5 6 7 |  7.5
Poison Magic   | 1 2 3 4 |  4.4
Short Blades   | 1 2 3 |  3.9
Ice Magic      | 1 3 5 |  5.1
Spellcasting   | 3 4 5 |  5.0

Action                   |  1- 3 |  4- 6 |  7- 9 | 10-12 || total
-------------------------+-------+-------+-------+-------++-------
Melee: Unarmed           |    90 |    20 |    24 |       ||   134
       Kick              |    24 |    15 |    70 |       ||   109
       Tailslap          |    12 |     8 |    38 |       ||    58
       Headbutt          |     8 |     6 |    42 |       ||    56
       Punch             |     1 |     5 |    13 |       ||    19
       Short sword       |       |    83 |   285 |    11 ||   379
Throw: Stone             |       |     3 |     1 |       ||     4
       Dart              |       |       |    14 |       ||    14
 Cast: Beastly Appendage |    29 |    22 |    53 |       ||   104
       Spider Form       |       |     1 |     4 |       ||     5
Invok: Heroism           |       |       |     1 |       ||     1
 Abil: Breathe Dispellin |       |       |     3 |       ||     3
Evoke: Wand              |       |       |     3 |     2 ||     5
  Use: Scroll            |       |       |     6 |       ||     6
       Potion            |       |       |     2 |     2 ||     4
 Stab: Sleeping          |       |       |     1 |       ||     1
       Invisible         |       |       |       |     1 ||     1
Armor: Skin              |    22 |    32 |   102 |     8 ||   164
Dodge: Dodged            |    61 |    59 |   194 |     3 ||   317

Table legend: (Time is in decaauts)
 A = Elapsed time spent in this place.
 B = Non-inter-level travel time spent in this place.
 C = Inter-level travel time spent in this place.
 D = Time resting spent in this place.
 E = Time spent auto-exploring this place.
 F = Levels seen in this place.
 G = Mean time per level.
                   A        B        C        D        E       F      G
               +--------+--------+--------+--------+--------+-----+--------+
         Total |   7425 |   7127 |    298 |    479 |   3796 |  10 |  742.5 |
       Dungeon |   7094 |   6796 |    298 |    470 |   3744 |   8 |  886.8 |
        Temple |     70 |     70 |      0 |      0 |     52 |   1 |   70.0 |
        Bailey |    260 |    260 |      0 |      9 |      0 |   1 |  260.0 |
               +--------+--------+--------+--------+--------+-----+--------+

Top non-repeatable levels by time:
     D:1: 1574 daAuts
     D:4: 1191 daAuts
     D:2: 1037 daAuts
     D:5: 745 daAuts
     D:7: 710 daAuts
     D:6: 695 daAuts
     D:3: 668 daAuts
     D:8: 471 daAuts
  Bailey: 260 daAuts
  Temple: 70 daAuts
